 Dungeon Crawl Stone Soup version 0.29-a0-700-g2f1814c7b2 (webtiles) character file.

Game seed: 759564490006969467

35 Patoropollo the Shield-Bearer (level 3, -3/31 HPs)
             Began as a Demigod Fighter on June 25, 2022.
             Slain by a gnoll
             ... wielding a +2 antimagic whip
              (5 damage)
             ... on level 2 of the Dungeon.
             The game lasted 00:02:11 (1689 turns).

Patoropollo the Shield-Bearer (Demigod Fighter)     Turns: 1689, Time: 00:02:12

Health: -3/31      AC:  6    Str: 17    XL:     3   Next: 2%
Magic:  5/5        EV:  9    Int: 10    God:
Gold:   23         SH:  0    Dex: 17    Spells: 2/2 levels left

rFire   . . .      SeeInvis .     - Unarmed
rCold   . . .      Faith    .   (no shield)
rNeg    . . .      Spirit   .   a - +0 scale mail
rPois   .          Reflect  .   (no helmet)
rElec   .          Harm     .   (no cloak)
rCorr   .          Rampage  .   (no gloves)
Will    .....                   (no boots)
Stlth   ..........              (no amulet)
HPRegen 0.10/turn               (no ring)
MPRegen 0.09/turn               (no ring)

@: no status effects
A: high MP 1, forlorn, divine attributes
a: no special abilities


You were on level 2 of the Dungeon.
You visited 1 branch of the dungeon, and saw 2 of its levels.

You collected 23 gold pieces.

Inventory:

Armour
 a - a +0 scale mail (worn)
 b - a +0 buckler
Scrolls
 d - 2 scrolls of identify {unknown}
 g - a scroll of vulnerability {unknown}
 i - a scroll of blinking {unknown}
Potions
 c - a potion of might
 e - a potion of attraction {unknown}
 f - a potion of flight {unknown}
 h - a potion of lignification {unknown}


   Skills:
 + Level 3.0 Fighting
 + Level 3.0 Armour
 + Level 0.4 Dodging
 - Level 3.0 Shields
 + Level 2.2 Unarmed Combat


You had 2 spell levels left.
You didn't know any spells.
Your spell library contained the following spells:

 Spells                   Type           Power      Damage    Failure   Level
 Sandblast                Erth           0%         2d4       77%         1
 Passwall                 Tmut/Erth      0%         N/A       88%         2
 Stone Arrow              Conj/Erth      0%         3d7       98%         3


Dungeon Overview and Level Annotations

Branches:
Dungeon (2/15)

Shops:
D:1 =!*


Innate Abilities, Weirdness & Mutations

You have an increased reservoir of magic. (+10% MP)
You shall have no god before yourself.
Your divine heritage dramatically boosts your attributes as you level up.


Message History

The gnoll barely misses you.
You hit the gnoll.
The gnoll is heavily wounded.
The gnoll barely misses you.
You hit the gnoll.
The gnoll is heavily wounded.
The gnoll hits you with a +0 club.
The endoplasm quivers.
The gnoll attacks as you move away! The gnoll hits you with a +0 club.
The gnoll attacks as you move away!
The gnoll hits you with a +2 antimagic whip.
* * * LOW HITPOINT WARNING * * *
You hit the gnoll.
The gnoll is heavily wounded.
The gnoll hits you but does no damage.
You hit the gnoll.
The gnoll is almost dead.
You closely miss the gnoll.
The gnoll is heavily wounded.
You hit the gnoll.
The gnoll is severely wounded.
The gnoll hits you with a +0 club.
* * * LOW HITPOINT WARNING * * *
You hit the gnoll but do no damage.
The gnoll is severely wounded.
The gnoll hits you from afar with a +0 spear.
* * * LOW HITPOINT WARNING * * *
The gnoll hits you with a +0 club.
* * * LOW HITPOINT WARNING * * *
You hit the gnoll.
You kill the gnoll!
The gnoll closely misses you.
You have reached level 3!
Your experience leads to a dramatic increase in your attributes!
Increase (S)trength, (I)ntelligence, or (D)exterity?
You feel agile. x4
You closely miss the gnoll.
The gnoll is almost dead.
The gnoll hits you with a +2 antimagic whip.
You die...

#..≈§≈§≈§§.#.##
##..§§........#
####§.#.###..#
##.#.# #..#
..#.###g.#
.###.#..K.####.#
#. #...gJ...$..#
###.#g#######
#.#@# # #.#
#.### #...#
###.# #.# #.#
#.# #.#


You could see 3 gnolls, an endoplasm and a kobold.

Vanquished Creatures
  A gnoll (D:2)
  2 ball pythons
  A bat (D:1)
  An endoplasm (D:1)
  A giant cockroach (D:1)
  4 goblins
  3 hobgoblins (D:1)
  2 jackals (D:1)
  A quokka (D:1)
  2 frilled lizards (D:1)
  3 kobolds (D:1)
  A rat (D:1)
22 creatures vanquished.

Notes
Turn   | Place    | Note
-------+----------+-------------------------------------------
     0 | D:1      | Patoropollo the Demigod Fighter began the quest for the
                  | Orb.
     0 | D:1      | Reached XP level 1. HP: 18/18 MP: 3/3
   794 | D:1      | Reached XP level 2. HP: 23/25 MP: 4/4
  1007 | D:1      | Found Fyebboiw's Distillery.
  1058 | D:1      | Found Ircho's Jewellery Emporium.
  1381 | D:1      | Found Jeinomp's Assorted Antiques.
  1687 | D:2      | HP: 1/26 [gnoll/+0 club (3)]
  1689 | D:2      | Reached XP level 3. HP: 2/31 MP: 5/5
  1689 | D:2      | Slain by a gnoll

Illustrated notes

Levels and vault maps discovered:
D:1:      lemuel_arrival_tunnels, layout_basic, serial_shops, shop_statue, shop,
          shop
D:2:      layout_loops_ring, nicolae_ecumenical_oubliette

Skill      XL: |  1  2 |
---------------+-------+-----
Unarmed Combat | 2 |  2.2
Shields        | 3 |  3.0
Fighting       | 3 |  3.0
Armour         | 3 |  3.0
Dodging        | |  0.4

Action                   || total
-------------------------++-------
Melee: Unarmed           ||   121
Armor: Scale mail        ||    47
Dodge: Dodged            ||    42
Block: Buckler           ||    20

Table legend: (Time is in decaauts)
 A = Elapsed time spent in this place.
 B = Non-inter-level travel time spent in this place.
 C = Inter-level travel time spent in this place.
 D = Time resting spent in this place.
 E = Time spent auto-exploring this place.
 F = Levels seen in this place.
 G = Mean time per level.
                   A        B        C        D        E       F      G
               +--------+--------+--------+--------+--------+-----+--------+
         Total |   1688 |   1590 |     98 |      0 |   1358 |   2 |  844.0 |
       Dungeon |   1688 |   1590 |     98 |      0 |   1358 |   2 |  844.0 |
               +--------+--------+--------+--------+--------+-----+--------+

Top non-repeatable levels by time:
     D:1: 1626 daAuts
     D:2: 62 daAuts
